 Dungeon Crawl Stone Soup version 0.23.2-1-ga50397a6bc (webtiles) character file.

Game seed: 3009017345353056019

19131 Nattfarinn the Unseen (level 12, -13/97 HPs)
             Began as a Vampire Enchanter on May 31, 2019.
             Was a Follower of Kikubaaqudgha.
             Mangled by a titanic slime creature (100 damage)
             ... on level 12 of the Dungeon.
             The game lasted 00:58:45 (18187 turns).

Nattfarinn the Unseen (Vampire Enchanter)          Turns: 18187, Time: 00:58:46

Health: -13/97     AC: 10    Str:  7    XL:     12   Next: 33%
Magic:  20/24      EV: 26    Int: 19    God:    Kikubaaqudgha [*.....]
Gold:   607        SH:  3    Dex: 18    Spells: 6/15 levels left

rFire    + . .     SeeInvis +   H - +5 rapier (venom)
rCold    + + .     Gourm    .   (no shield)
rNeg     + + +     Faith    .   l - +2 robe {rC+ rF+}
rPois    +         Spirit   .   K - +1 helmet
rElec    .         Reflect  +   j - +2 cloak
rCorr    +         Harm     .   b - +0 pair of gloves "Vozy" {rN+ rCorr}
MR       +....                  (no boots)
Stlth    +++++++...             t - +3 amulet of reflection
HPRegen  0.13/turn              f - ring of magical power
MPRegen  0.19/turn              n - +3 ring of evasion

@: regenerating slowly
A: fangs 3, see invisible, unbreathing
a: Bat Form, Receive Corpses, Renounce Religion


You were on level 12 of the Dungeon.
You worshipped Kikubaaqudgha.
Kikubaaqudgha was aware of your devotion.
You were near bloodless.

You visited 2 branches of the dungeon, and saw 13 of its levels.

You collected 607 gold pieces.

Inventory:

Hand Weapons
 r - a +0 great sword of slicing
 H - a +5 rapier of venom (weapon)
Missiles
 e - 7 javelins (quivered)
Armour
 b - the +0 pair of gloves "Vozy" (worn) {rN+ rCorr}
   (You found it on level 9 of the Dungeon)

   It protects you from negative energy.
   It provides partial protection from all sources of acid and corrosion.
 j - a +2 cloak (worn)
 l - a +2 robe of resistance (worn)
 K - a +1 helmet (worn)
Jewellery
 f - a ring of magical power (left hand)
 n - a +3 ring of evasion (right hand)
 t - a +3 amulet of reflection (around neck)
 J - a +5 ring of strength {unknown}
Wands
 k - a wand of digging (4)
 v - a wand of iceblast (5)
 A - a wand of disintegration (11)
 E - a wand of acid (11)
 I - a wand of clouds (6)
Scrolls
 d - 2 scrolls of blinking
 h - 3 scrolls of remove curse
 o - 3 scrolls of fog
 s - 6 scrolls of teleportation
 u - 3 scrolls of fear
 w - a scroll of summoning {unknown}
 y - a scroll of amnesia {unknown}
 B - a scroll of acquirement {unknown}
 C - 2 scrolls of magic mapping
 L - 3 scrolls of identify
Potions
 a - a potion of curing {unknown}
 c - 4 potions of heal wounds
 g - 2 potions of flight {unknown}
 i - a potion of brilliance {unknown}
 m - 2 potions of degeneration {unknown}
 p - a potion of haste
 q - 5 potions of blood
 x - a potion of lignification {unknown}
 z - 2 potions of agility {unknown}
 D - 2 potions of might {unknown}
 F - a potion of cancellation {unknown}
 G - 2 potions of invisibility {unknown}


   Skills:
 * Level 9.7 Fighting
 - Level 1.1 Short Blades
 - Level 13.0 Dodging
 - Level 15.5 Stealth
 - Level 2.0 Spellcasting
 - Level 12.0 Hexes


You had 6 spell levels left.
You knew the following spells:

 Your Spells              Type           Power        Failure   Level  Hunger
a - Corona                Hex            #####..      1%          1    #......
b - Ensorcelled Hibernat  Hex/Ice        ###...       2%          2    ###....
c - Tukima's Dance        Hex            #####...     1%          3    ###....
d - Confuse               Hex            #####...     1%          3    ###....

Your spell library contained the following spells:

 Spells                   Type           Power        Failure   Level  Hunger
 Dazzling Spray           Conj/Hex       ###...       4%          3    ###....
 Animate Skeleton         Necr           N/A          17%         1    #......
 Pain                     Necr           #...         17%         1    #......
 Corpse Rot               Necr           N/A          26%         2    ###....
 Sublimation of Blood     Necr           #.........   26%         2    ###....
 Regeneration             Chrm/Necr      #.........   45%         3    ###....
 Vampiric Draining        Necr           #.........   45%         3    ###....
 Animate Dead             Necr           N/A          86%         4    #####..


Dungeon Overview and Level Annotations

Branches:
Dungeon (12/15)            Temple (1/1) D:5            Lair (0/6) D:11
    Orc (0/2) D:11

Altars:
Ashenzari
Cheibriados
Dithmenos
Fedhas
Gozag
Hepliaklqana
Kikubaaqudgha
Makhleb
Nemelex Xobeh
Qazlal
Ru
Trog
Uskayaw
Vehumet
Xom
Zin

Shops:
D:4 %   D:5 [   D:6 *   D:8 %[

Portals:
Trove: D:10 (give +2 gold dragon scales)

Annotations:
D:11 exclusion: oklob plant


Innate Abilities, Weirdness & Mutations

You heal slowly.
You have razor-sharp teeth.
You have supernaturally acute eyesight. (SInv)
You can survive without breathing.


Message History

You strike the helpless slime creature from behind!
You impale the slime creature!!
The slime creature looks as sick as possible!
You bite the slime creature.
The slime creature is heavily wounded.
Two slime creatures merge to form a large slime creature.
The slime creature misses you.
You hit the slime creature.
The slime creature is severely wounded.
Two slime creatures merge to form a titanic slime creature.
The slime creature misses you.
Unknown command.
You catch the helpless slime creature completely off-guard!
You impale the slime creature!!
You kill the slime creature!
Kikubaaqudgha accepts your kill. The titanic slime creature hits you!!!!
Ouch! That really hurt!
You die...
Kikubaaqudgha rasps: "You have failed me!
Welcome... oblivion!"

........................†........
#......##........###..###..#.....
#......##........# #..# #..#.....
#......##>.......# #..# #..#.....
#......##........# #..# #..#.....
#......##........# #..###..#.....
#......##........# #.......#.....
.......##......J.# #.......#.....
#......##.......@# #.####..#.....
#..###.##........# #.# #..#.....
#..# #.##..####..# #.# #%.#.....
#..# #.##..# #..# #.# #........
#..# #.....# #..###.# #.....###
#..###.##..# #......####.....#
.......##..# #...............#
.......##..# #...............#
.......##..####..###..##......#


You could see a titanic slime creature.

Vanquished Creatures
  Snorg (D:11)
  Harold (D:11)
  A vault guard (D:10)
  A hydra (D:12)
  6 two-headed ogres
  Urug (D:10)
  3 unseen horrors (D:11)
  Joseph (D:9)
  A kobold demonologist (D:10)
  A queen bee (D:11)
  A troll (D:12)
  A tyrant leech (D:12)
  3 hippogriffs
  2 slime creatures (D:12)
  9 yaks
  2 wraiths
  A vampire (D:12)
  8 vampire mosquitoes
  A two-headed ogre zombie (D:11)
  2 soldier ants (D:9)
  A water moccasin (D:10)
  3 black bears
  3 sky beasts
  2 orc warriors
  A necrophage (D:7)
  3 phantoms
  4 ice beasts
  3 ogres
  4 centaurs
  2 big kobolds
  3 bullfrogs
  A gnoll sergeant (D:8)
  4 scorpions
  9 killer bees (D:11)
  2 troll zombies (D:11)
  3 wights
  A howler monkey (D:2)
  7 crimson imps
  A centaur zombie (D:12)
  2 jellies
  2 orc priests
  7 hounds
  4 orc wizards
  A bullfrog skeleton (D:11)
  A centaur skeleton (D:4)
  Jessica (D:2)
  A gnoll shaman (D:7)
  3 iguanas
  9 worker ants
  Natasha (thrice) (D:2)
  2 killer bee zombies
  5 ogre zombies (D:11)
  A hound zombie (D:5)
  A worker ant zombie (D:6)
  14 gnolls
  7 adders
  8 shadow imps
  An adder skeleton (D:7)
  An adder zombie (D:5)
  7 worms
  2 dart slugs
  4 leopard geckos
  9 orcs
  2 ball pythons
  7 bats
  7 giant cockroaches
  10 goblins
  8 hobgoblins
  11 jackals
  11 kobolds
  3 quokkas
  6 frilled lizards
  3 goblin skeletons (D:11)
  A hobgoblin skeleton (D:11)
  3 hobgoblin zombies (D:11)
  3 orc skeletons (D:11)
  15 orc zombies (D:11)
  5 rats
295 creatures vanquished.

Vanquished Creatures (collateral kills)
  An orc warrior (D:11)
  2 ogres
  2 gnoll sergeants
  3 wights
  A gnoll shaman (D:8)
  An orc wizard (D:6)
  12 gnolls
  A leopard gecko (D:6)
  5 orcs
  3 kobolds (D:8)
31 creatures vanquished.

Vanquished Creatures (others)
  9 dancing weapons
  22 plants (D:11)
31 creatures vanquished.

Grand Total: 357 creatures vanquished

Notes
Turn   | Place    | Note
-------+----------+-------------------------------------------
     0 | D:1      | Nattfarinn the Vampire Enchanter began the quest for the
                  | Orb.
     0 | D:1      | Reached XP level 1. HP: 13/13 MP: 3/3
   215 | D:1      | Reached skill level 5 in Hexes
   215 | D:1      | Reached XP level 2. HP: 19/19 MP: 5/5
   220 | D:1      | Learned a level 2 spell: Ensorcelled Hibernation
   683 | D:1      | Reached skill level 5 in Stealth
  1212 | D:2      | Reached XP level 3. HP: 23/24 MP: 6/6
  1244 | D:2      | Noticed Natasha
  1296 | D:2      | Killed Natasha
  1307 | D:2      | Noticed Jessica
  1332 | D:2      | Killed Jessica
  1332 | D:2      | Reached XP level 4. HP: 30/30 MP: 7/7
  1393 | D:2      | Reached skill level 6 in Stealth
  1556 | D:2      | Reached XP level 5. HP: 35/35 MP: 8/8
  1566 | D:2      | Learned a level 3 spell: Tukima's Dance
  2019 | D:2      | Noticed Natasha
  2130 | D:2      | Killed Natasha
  2483 | D:2      | Noticed Natasha
  2490 | D:2      | Killed Natasha
  2490 | D:2      | Reached skill level 7 in Stealth
  2490 | D:2      | Reached XP level 6. HP: 37/41 MP: 9/9
  2495 | D:2      | Learned a level 3 spell: Confuse
  3448 | D:4      | Found a sparkling altar of Nemelex Xobeh.
  3553 | D:4      | Found Gate's Food Shop.
  3763 | D:4      | Found a radiant altar of Vehumet.
  3920 | D:5      | Entered Level 5 of the Dungeon
  3944 | D:5      | Found a staircase to the Ecumenical Temple.
  3974 | D:5      | Reached skill level 8 in Stealth
  3974 | D:5      | Reached XP level 7. HP: 36/46 MP: 10/10
  4146 | D:5      | Reached skill level 10 in Hexes
  4860 | D:5      | Found Hoirch's Armour Emporium.
  5063 | D:5      | Found a blossoming altar of Fedhas.
  5354 | D:5      | Reached skill level 9 in Stealth
  5915 | D:6      | Reached XP level 8. HP: 48/52 MP: 3/11
  6283 | D:6      | Found Ciabacw's Assorted Antiques.
  6439 | D:6      | Found a snail-covered altar of Cheibriados.
  6978 | D:7      | Reached skill level 10 in Stealth
  7724 | D:8      | Reached skill level 5 in Dodging
  7982 | D:8      | Found Waimneps's Antique Armour Emporium.
  8080 | D:8      | Reached skill level 11 in Stealth
  8094 | D:8      | Noticed a two-headed ogre
  8143 | D:8      | Killed a two-headed ogre
  8143 | D:8      | Reached XP level 9. HP: 57/57 MP: 3/12
  8685 | D:8      | Found Cujung's Food Boutique.
  8770 | D:8      | Noticed a two-headed ogre
  8786 | D:8      | Reached skill level 12 in Stealth
  8796 | D:8      | Killed a two-headed ogre
  9056 | D:7      | Reached skill level 13 in Stealth
  9797 | D:9      | Reached XP level 10. HP: 63/63 MP: 13/13
 10128 | D:9      | Reached skill level 10 in Dodging
 10151 | D:9      | Got a dazzling quarterstaff
 10160 | D:9      | Identified the +8 quarterstaff of Wariness {drain, rPois
                  | rN+ Stlth+} (You found it on level 9 of the Dungeon)
 10632 | D:9      | Noticed Joseph
 10641 | D:9      | Killed Joseph
 10654 | D:9      | Got a pair of distressingly furry gloves
 10660 | D:9      | Identified the +0 pair of gloves "Vozy" {rN+ rCorr} (You
                  | found it on level 9 of the Dungeon)
 10820 | D:10     | Entered Level 10 of the Dungeon
 10820 | D:10     | Noticed a two-headed ogre
 10829 | D:10     | Killed a two-headed ogre
 10829 | D:10     | Reached skill level 14 in Stealth
 10878 | D:10     | Noticed a two-headed ogre
 10884 | D:10     | Noticed a two-headed ogre
 10912 | D:10     | Killed a two-headed ogre
 10939 | D:10     | Killed a two-headed ogre
 11590 | D:10     | Noticed Urug
 11991 | D:10     | Killed Urug
 11991 | D:10     | Reached skill level 15 in Stealth
 11991 | D:10     | Reached XP level 11. HP: 58/68 MP: 14/14
 12577 | D:10     | Noticed a vault guard
 12588 | D:10     | Killed a vault guard
 12593 | D:10     | Found a portal to a secret trove of treasure.
 12856 | D:11     | Found a staircase to the Lair.
 12865 | D:11     | Noticed an unseen horror
 12869 | D:11     | Noticed Harold
 12871 | D:11     | Noticed an unseen horror
 12872 | D:11     | Killed an unseen horror
 12883 | D:11     | Killed Harold
 13236 | D:11     | Found a staircase to the Orcish Mines.
 13930 | D:11     | Reached skill level 5 in Fighting
 14063 | D:11     | Noticed an unseen horror
 14074 | D:11     | Killed an unseen horror
 14112 | D:11     | Noticed an oklob plant
 14112 | D:11     | Noticed a two-headed ogre
 14124 | D:11     | Killed a two-headed ogre
 14250 | D:11     | Killed an unseen horror
 14317 | D:11     | Noticed Snorg
 14332 | D:11     | Killed Snorg
 14475 | D:11     | Reached XP level 12. HP: 38/92 MP: 14/15
 15774 | Temple   | Entered the Ecumenical Temple
 15855 | Temple   | Became a worshipper of Kikubaaqudgha
 16737 | D:12     | Noticed an eight-headed hydra
 17619 | D:12     | Killed an eight-headed hydra
 17981 | D:12     | Reached * piety under Kikubaaqudgha
 17981 | D:12     | Identified Kikubaaqudgha's Handbook of Necromancy
                  | (Kikubaaqudgha gifted it to you on level 12 of the Dungeon)
 17981 | D:12     | Received a gift from Kikubaaqudgha
 18187 | D:12     | Mangled by a titanic slime creature

Skill      XL: |  1  2  3  4  5  6  7  8  9 10 11 12 |
---------------+-------------------------------------+-----
Hexes          | 5 6 7 8 9 11 12 | 12.0
Stealth        | 5 6 7 8 9 11 13 15 | 15.5
Dodging        | 7 9 12 13 | 13.0
Fighting       | 7 9 |  9.7
Short Blades   | |  1.1
Spellcasting   | |  2.0

Action                   |  1- 3 |  4- 6 |  7- 9 | 10-12 || total
-------------------------+-------+-------+-------+-------++-------
Melee: Dagger            |    44 |    80 |   169 |    16 ||   309
       Bite              |     2 |     4 |     9 |    44 ||    59
       Rapier            |       |       |       |   391 ||   391
 Cast: Corona            |     3 |       |       |       ||     3
       Ensorcelled Hiber |    17 |    52 |    76 |    52 ||   197
       Tukima's Dance    |       |     4 |    40 |    28 ||    72
       Confuse           |       |     2 |    18 |    85 ||   105
 Abil: End Transformatio |       |       |       |     2 ||     2
       Bat Form          |       |       |       |     2 ||     2
  Use: Potion            |       |       |     4 |    10 ||    14
       Scroll            |       |       |       |    21 ||    21
 Stab: Sleeping          |    26 |    45 |    60 |    59 ||   190
       Confused          |       |     3 |    15 |    48 ||    66
       Distracted        |       |       |     1 |     1 ||     2
  Eat: Corpse            |       |       |     3 |     3 ||     6
Armor: Robe              |     7 |    12 |    14 |    45 ||    78
Dodge: Dodged            |    21 |    52 |   155 |   467 ||   695
Block: Other             |       |     2 |    18 |    62 ||    82
       Reflection        |       |     1 |     1 |     2 ||     4
